 Dungeon Crawl Stone Soup version 0.31.0-11-ge490571c62 (webtiles) character file.

Game seed: 5669272991632714524

393 RancidPinata the Covert (level 6, -4/44 HPs)
             Began as an Octopode Delver on Feb 8, 2024.
             Slain by an ogre
             ... wielding a +0 giant spiked club
              (28 damage)
             ... on level 5 of the Dungeon.
             The game lasted 00:08:35 (1115 turns).

RancidPinata the Covert (Octopode Delver)           Turns: 1115, Time: 00:08:36

Health: -4/44      AC:  1    Str: 12    XL:     6   Next: 81%
Magic:  6/6        EV: 14    Int: 12    God:
Gold:   92         SH:  0    Dex: 15    Spells: 5/5 levels left

rFire   . . .        a - +0 short sword
rCold   . . .        (no shield)
rNeg    . . .        (helmet restricted)
rPois   .            (no amulet)
rElec   .            (no ring)
rCorr   .            (no ring)
SInv    .            (no ring)
Will    .....        (no ring)
Stlth   +++++        (no ring)
HPRegen 0.27/turn    (no ring)
MPRegen 0.10/turn    (no ring)
                     (no ring)

%: no passive effects
@: no status effects
A: almost no armour, amphibious, 8 rings, camouflage 1, gelatinous body 1,
(nimble swimmer 1), tentacles
a: no special abilities


You were on level 5 of the Dungeon.
You visited 1 branch of the dungeon, and saw 2 of its levels.
You also visited: Ossuary.

You collected 92 gold pieces.

Inventory:

Hand Weapons
 a - a +0 short sword (weapon)
Wands
 f - a wand of digging (3)
Scrolls
 b - 2 scrolls of fog
 c - a scroll of revelation
 g - a scroll of vulnerability {unknown}
 h - 2 scrolls of identify {unknown}
 i - a scroll of teleportation {unknown}
Potions
 e - 2 potions of haste
 j - a potion of curing {unknown}


   Skills:
 * Level 4.6 Fighting
 + Level 3.1 Short Blades
 * Level 4.1 Dodging
 * Level 8.3 Stealth


You had 5 spell levels left.
You didn't know any spells.
Your spell library was empty.

Dungeon Overview and Level Annotations

Branches:
Dungeon (5/15)            Ossuary (visited)
 Temple: D:4-7

Altars:


Innate Abilities, Weirdness & Mutations

You cannot wear most types of armour.
You are amphibious.
You can wear up to eight rings at the same time.
Your skin changes colour to match your surroundings (Stealth+).
Your rubbery body absorbs attacks. (AC +1, EV +1)
((You are camouflaged when in or above water. (Stealth+)))
You have tentacles for arms and can constrict up to eight enemies at once.


Message History

You hit the ice beast but do no damage.
The ice beast is severely wounded.
The ice beast hits you. The ice beast freezes you!
You hit the ice beast but do no damage.
You squeeze the ice beast, but do no damage.
The ice beast is severely wounded.
The ice beast hits you but does no damage.
You hit the ice beast. Your squeeze misses the ice beast.
The ice beast is severely wounded.
The ice beast barely misses you.
You hit the ice beast but do no damage.
The ice beast is severely wounded.
You hit the ice beast. Your squeeze misses the ice beast.
The ice beast is almost dead.
The ice beast closely misses you.
You hit the ice beast but do no damage.
The ice beast is almost dead.
The ice beast hits you. The ice beast freezes you!
You hit the ice beast but do no damage. Your squeeze misses the ice beast.
The ice beast is almost dead.
The ice beast closely misses you.
You hit the ice beast but do no damage.
The ice beast is almost dead.
The ice beast hits you. The ice beast freezes you!
* * * LOW HITPOINT WARNING * * *
You closely miss the ice beast. You squeeze the ice beast.
You kill the ice beast!
Your Dodging skill increases to level 4!
You start resting.
You start resting.
An ice beast is nearby!
As you read the scroll of fear, it crumbles to dust.
You assume a fearsome visage.
The ice beast looks frightened!
The ogre misses you. The ogre attacks as it pursues you! The ogre misses you.
The ogre attacks as it pursues you! The ogre barely misses you.
The ogre attacks as it pursues you!
The ogre hits you with a +0 giant spiked club!!
Ouch! That really hurt!
You die...

#.# #.##...## #.#
#.#..#..## #^# #...###..##
#.# #..'#.##..## #.#
#.##...##..# #.#
#..##.##...# #.#
#...###....# #.#
#.#..#O...##
######.###<##.@.#.##
...................#
...................#
...................#######
................>........l
..................(#######
..........................
...................#######
..................#


You could see an ogre.

Vanquished Creatures
  An ice beast (D:5)
  A weeping skull (Ossuary)
  A centaur zombie (Ossuary)
  2 human zombies (Ossuary)
  A crocodile zombie (Ossuary)
  2 hound zombies (Ossuary)
  3 mummies (Ossuary)
  3 adders (D:4)
  An adder zombie (Ossuary)
  An orc (D:4)
  An endoplasm (D:4)
  A giant cockroach (D:4)
  2 kobolds (D:4)
  4 ball python zombies (Ossuary)
  A gnoll zombie (Ossuary)
  5 jackal zombies (Ossuary)
  7 kobold zombies (Ossuary)
  4 orc zombies (Ossuary)
41 creatures vanquished.

Notes
Turn   | Place    | Note
-------+----------+-------------------------------------------
     0 | D:5      | RancidPinata the Octopode Delver began the quest for the
                  | Orb.
     0 | D:5      | Reached XP level 1. HP: 16/16 MP: 1/1
     7 | D:5      | Noticed an iguana
    17 | D:5      | Noticed an ogre
    72 | D:5      | Noticed an iguana
    93 | D:5      | Noticed an ogre
   110 | D:5      | Noticed an ice beast
   138 | D:4      | Reached XP level 2. HP: 15/21 MP: 2/2
   188 | D:4      | Reached skill level 7 in Stealth
   188 | D:4      | Reached XP level 3. HP: 22/26 MP: 3/3
   228 | D:5      | Noticed a water moccasin
   230 | D:5      | Found a sand-covered staircase.
   235 | Ossuary  | Entered an ossuary
   384 | Ossuary  | HP: 1/26 [human zombie (5)]
   508 | Ossuary  | Reached XP level 4. HP: 31/33 MP: 4/4
   736 | Ossuary  | Noticed a weeping skull
   746 | Ossuary  | Killed a weeping skull
   747 | Ossuary  | Reached XP level 5. HP: 25/37 MP: 5/5
   876 | Ossuary  | Reached XP level 6. HP: 34/43 MP: 6/6
   882 | Ossuary  | Reached skill level 8 in Stealth
  1024 | D:5      | Noticed an ice beast
  1042 | D:5      | Killed an ice beast
  1115 | D:5      | Slain by an ogre

Illustrated notes

Levels and vault maps discovered:
D:4:      layout_rooms, serial_shops, kennysheep_little_box, shop,
          nicolae_shop_overgrown_old_shop, nicolae_shop_trees, st_stairs_10,
          uniq_eustachio
D:5:      layout_basic, enter_ossuary_5

Skill      XL: |  1  2  3  4  5  6 |
---------------+-------------------+-----
Stealth        | 7 8 |  8.3
Dodging        | 3 4 |  4.1
Fighting       | 4 |  4.6
Short Blades   | 3 |  3.1

Action                     |  1- 3 |  4- 6 || total
---------------------------+-------+-------++-------
  Melee: Short sword       |    66 |    85 ||   151
         Tentacles         |    12 |    28 ||    40
         Constrict         |    16 |    12 ||    28
    Use: Scroll            |       |     1 ||     1
   Stab: Sleeping          |     2 |     5 ||     7
         Distracted        |     2 |     1 ||     3
 Armour: Skin              |    26 |    34 ||    60
  Dodge: Dodged            |    48 |    42 ||    90
